 Dungeon Crawl Stone Soup version 0.23-a0-404-g0063841 (webtiles) character file.

64 Jeffwins the Charlatan (level 4, -6/29 HPs)
             Began as an Octopode Artificer on Nov 5, 2018.
             Killed by nerve-wracking pain
             ... invoked by Jessica
              (11 damage)
             ... on level 2 of the Dungeon.
             The game lasted 00:01:41 (1060 turns).

Jeffwins the Charlatan (Octopode Artificer)         Turns: 1060, Time: 00:01:41

Health: -6/29      AC:  1    Str: 11    XL:     4   Next: 12%
Magic:  6/6        EV: 13    Int: 14    God:
Gold:   56         SH:  0    Dex: 12    Spells: 3/3 levels left

rFire    . . .     SeeInvis .   a - +0 short sword
rCold    . . .     Gourm    .   (no shield)
rNeg     . . .     Faith    .   (helmet restricted)
rPois    +         Spirit   .   (no amulet)
rElec    .         Reflect  .   P - ring of poison resistance
rCorr    .         Harm     .   (no ring)
MR       .....                  (no ring)
Stlth    +++.......             (no ring)
HPRegen  0.09/turn              (no ring)
MPRegen  0.10/turn              (no ring)
                                (no ring)
                                (no ring)

@: no status effects
A: almost no armour, stealthy swim, amphibious, 8 rings, constrict 8, camouflage
1, gelatinous body 1
a: no special abilities


You were on level 2 of the Dungeon.
You were hungry.

You visited 1 branch of the dungeon, and saw 2 of its levels.

You collected 56 gold pieces.


Innate Abilities, Weirdness & Mutations

You cannot wear most types of armour.
You are very stealthy in the water. (Stealth+)
You are amphibious.
You can wear up to eight rings at the same time.
You can use your tentacles to constrict eight enemies at once.
Your skin changes colour to match your surroundings (Stealth+).
Your rubbery body absorbs attacks. (AC +1, EV +1)


   Skills:
 + Level 1.9 Fighting
 * Level 2.0 Short Blades
 + Level 2.5 Dodging
 + Level 2.5 Stealth
 + Level 3.7 Evocations


You had 3 spell levels left.
You didn't know any spells.
Your spell library was empty.

Inventory:

Hand Weapons
 a - a +0 short sword (weapon)
Missiles
 k - 74 stones (quivered)
Jewellery
 P - a ring of poison resistance (left tentacle)
Wands
 b - a wand of flame (15)
 c - a wand of enslavement (15)
 d - a wand of random effects (15)
Scrolls
 e - a scroll of teleportation {unknown}
 g - 4 scrolls of identify {unknown}
 h - 2 scrolls of remove curse {unknown}
 l - 2 scrolls of enchant weapon {unknown}
Potions
 j - 2 potions of curing {@q1}
 m - a potion of invisibility {unknown}
 n - a potion of degeneration {unknown}
Comestibles
 f - 4 rations {@e1}
 i - 6 chunks of flesh

Dungeon Overview and Level Annotations

Branches:
Dungeon (2/15)

Altars:

Annotations:
D:2 Jessica

# . ######.##.. #..
....#...## #.# .#
#....$.... #.# .#
#......... #.# .# #
###......... #.##.###.#
#.@......... #.##.#...
#@#).†...... #.##<..#
#.#......... ####.##..##
#.#.........
...#......######.#.........
.....÷...........#........(
............######.......).
............# ##########
.÷..........# .........[..#


You could see Jessica.


Message History

Unknown command.
You closely miss Jessica. Your grab misses Jessica. Jessica misses you.
Jessica barely misses you.
Unknown command.
You closely miss Jessica. Your grab misses Jessica.
You are feeling hungry.
Jessica hits you.
* * * LOW HITPOINT WARNING * * *
The hobgoblin hits you with a +0 club!
* * * LOW HITPOINT WARNING * * *
Unknown command.
Unknown command.
It was a potion of curing.
You feel better. Jessica closely misses you. x2
The hobgoblin barely misses you.
Okay, then.
You barely miss Jessica. Your grab misses Jessica. Jessica hits you.
* * * LOW HITPOINT WARNING * * *
Jessica barely misses you.
Unknown command.
You hit Jessica. Your grab misses Jessica.
Jessica is lightly wounded.
Jessica hits you.
* * * LOW HITPOINT WARNING * * *
Unknown command.
You hit Jessica. You grab Jessica.
Jessica is heavily wounded.
You constrict Jessica. Jessica gestures at you while chanting.
Pain shoots through your body!
You die...

Skill      XL: |  1  2  3 |
---------------+----------+-----
Stealth        | 2 |  2.5
Short Blades   | 2 |  2.0
Fighting       | |  1.9
Dodging        | |  2.5
Evocations     | |  3.7

Action                   |  1- 3 |  4- 6 || total
-------------------------+-------+-------++-------
Melee: Short sword       |    71 |     8 ||    79
       Constrict         |    16 |     2 ||    18
       Tentacles         |    12 |       ||    12
  Use: Potion            |       |     1 ||     1
 Stab: Sleeping          |     7 |       ||     7
Armor: Skin              |    19 |       ||    19
Dodge: Dodged            |    49 |     6 ||    55

Vault maps used:
D:1:      roderic_crop_circles_arrival_small
D:2:      chequers_ecumenical_altar_simple, nicolae_qazlal_general_emergency,
          uniq_jessica, uniq_natasha

Notes
Turn   | Place    | Note
-------+----------+-------------------------------------------
     0 | D:1      | Jeffwins the Octopode Artificer began the quest for the
                  | Orb.
     0 | D:1      | Reached XP level 1. HP: 13/13 MP: 3/3
   179 | D:1      | Reached XP level 2. HP: 18/18 MP: 4/4
   286 | D:1      | Reached skill level 2 in Stealth
   695 | D:1      | Reached XP level 3. HP: 19/23 MP: 5/5
  1027 | D:2      | Noticed Natasha
  1038 | D:2      | Noticed Jessica
  1049 | D:2      | Killed Natasha
  1049 | D:2      | Reached skill level 2 in Short Blades
  1049 | D:2      | Reached XP level 4. HP: 16/29 MP: 6/6
  1060 | D:2      | Killed from afar by Jessica

Vanquished Creatures
  Natasha (D:2)
  An ooze (D:1)
  2 dart slugs (D:1)
  A leopard gecko (D:1)
  4 goblins
  3 hobgoblins (D:1)
  A quokka (D:2)
  10 bats
  5 frilled lizards
  7 rats (D:1)
35 creatures vanquished.

Table legend:
 A = Turns spent in this place as a percentage of turns spent in the entire game.
 B = Non-inter-level travel turns spent in this place as a percentage of non-inter-level travel turns spent in the entire game.
 C = Inter-level travel turns spent in this place as a percentage of turns spent in this place.
 D = Turns resting spent in this place as a percentage of non-inter-level travel turns spent in this place.
 E = Turns spent auto-exploring this place as a percentage of non-inter-level travel turns spent in this place.
 F = Non-inter-level travel turns spent in this place divided by the number of levels of this place that you've seen.
                   A       B       C       D       E      F
               +-------+-------+-------+-------+-------+----------------------
         Total | 100.0 | 100.0 |   0.2 |  31.2 |  46.2 | 529.0
       Dungeon | 100.0 | 100.0 |   0.2 |  31.2 |  46.2 | 529.0
               +-------+-------+-------+-------+-------+----------------------

Table legend:
 A = Non-vault XP
 B = Vault XP
 C = Vault XP percentage of total XP
 D = Non-vault monster count
 E = Vault monster count
 F = Vault count percentage of total count
                 A         B        C        D         E       F
            +---------+---------+-------+---------+---------+-------
      Total |      59 |      33 |  35.9 |      34 |       1 |   2.9
            +---------+---------+-------+---------+---------+-------
        D:1 |      49 |       0 |   0.0 |      28 |       0 |   0.0
        D:2 |      10 |      33 |  76.7 |       6 |       1 |  14.3
            +---------+---------+-------+---------+---------+-------
